 Dungeon Crawl Stone Soup version 0.29.1-12-g30fa7ad0bf (webtiles) character file.

Game seed: 17293910504038689799

2476 FexLirch the Thaumaturge (level 10, -2/70 (73) HPs)
             Began as a Meteoran Earth Elementalist on Jan 5, 2023.
             Killed from afar by Maggie (17 damage)
             ... with a bolt of fire
             ... on level 6 of the Dungeon.
             The game lasted 00:20:40 (1424 turns).

FexLirch the Thaumaturge (MeEE)                     Turns: 1424, Time: 00:20:40

HP:   -2/70 (73)    AC:  4    Str: 10    XL:     10   Next: 7%
MP:   8/27          EV: 12    Int: 21    God:
Gold: 221           SH:  0    Dex: 15    Spells: 28/34 levels left

rFire   . . .      SeeInvis .   j - +2 shortbow (freeze)
rCold   . . .      Faith    .   (shield currently unavailable)
rNeg    . . .      Spirit   .   f - +0 leather armour
rPois   .          Reflect  .   s - +0 helmet
rElec   .          Harm     .   (no cloak)
rCorr   .          Rampage  .   (no gloves)
Will    ++...                   (no boots)
Stlth   +.........              (no amulet)
HPRegen 0.21/turn               k - ring of willpower
MPRegen 0.20/turn               a - +4 ring of slaying

@: very slightly contaminated, glowing, lightly drained
A: sense surroundings 2, otherworldly, glowing, explore regen
a: no special abilities


You were on level 6 of the Dungeon.
You visited 2 branches of the dungeon, and saw 10 of its levels.

You collected 221 gold pieces.

Inventory:

Hand Weapons
 h - a +0 halberd
 i - a +0 whip
 j - a +2 shortbow of freezing (weapon)
 q - a +1 vampiric rapier
 w - a +2 spear of freezing
Armour
 f - a +0 leather armour (worn)
 s - a +0 helmet (worn)
Jewellery
 a - a +4 ring of slaying (right hand)
 k - a ring of willpower (left hand)
Wands
 t - a wand of iceblast (4)
Scrolls
 d - a scroll of butterflies
 n - 2 scrolls of poison
 p - a scroll of teleportation {unknown}
 u - a scroll of noise {unknown}
 x - a scroll of silence {unknown}
 y - a scroll of identify
Potions
 b - 2 potions of magic
 c - a potion of might {unknown}
 e - a potion of cancellation
 g - a potion of mutation
 l - a potion of curing {unknown}
 m - a potion of degeneration
 o - 2 potions of heal wounds {unknown}
 r - a potion of ambrosia
 v - a potion of invisibility {unknown}
 z - a potion of lignification {unknown}


   Skills:
 + Level 1.8 Fighting
 + Level 1.9 Ranged Weapons
 + Level 3.4 Dodging
 - Level 1.4 Stealth
 * Level 12.6 Spellcasting
 - Level 5.0 Conjurations
 - Level 1.2 Transmutations
 - Level 6.0 Earth Magic


You had 28 spell levels left.
You knew the following spells:

 Your Spells              Type           Power      Damage    Failure   Level
a - Sandblast             Erth           76%        2d16      1%          1
b - Passwall              Tmut/Erth      23%        N/A       2%          2
c - Stone Arrow           Conj/Erth      72%        3d11      1%          3

Your spell library contained the following spells:

 Spells                   Type           Power      Damage    Failure   Level
 Petrify                  Tmut/Erth      28%        N/A       16%         4


Dungeon Overview and Level Annotations

Branches:
Dungeon (9/15) Zot: 3992   Temple (1/1) D:7 Zot: 537    Lair (0/5) D:9
    Orc: D:9-12

Altars:
Dithmenos
Elyvilon
Fedhas
Gozag
Hepliaklqana
Kikubaaqudgha
Makhleb
Nemelex Xobeh
Qazlal
Ru
Uskayaw
Vehumet
Wu Jian
Xom
Yredelemnul
Zin
The Shining One

Annotations:
D:6 exclusion: downstairs, Maggie


Innate Abilities, Weirdness & Mutations

You passively map the area around you.
You are easily found by Zot.
You glow in the dark.
You regain HP and MP as you explore.


Message History

You miscast Passwall.
You are very lightly contaminated with residual magic.
Nothing appears to happen.
Maggie casts a spell at you. The bolt of fire hits you!!
* * * LOW HITPOINT WARNING * * *
Unknown command.
Unknown command.
Casting: Passwall (safe; 2% risk of failure)
Confirm with . or Enter, or press ? or * to list all spells.
Okay, then.
Unknown command.
Unknown command.
Unknown command.
Okay, then.
Unknown command.
Unknown command.
Press: ? - help, v - describe, . - travel
Here: Maggie, wielding a +0 morningstar of draining and wearing +2 swamp dragon scales (severely wounded)
The floor.
Unknown command.
Unknown command.
Casting: Passwall (safe; 2% risk of failure)
Confirm with . or Enter, or press ? or * to list all spells.
Aiming: Stone Arrow (safe; 1% risk of failure)
Press: ? - help, Shift-Dir - straight line, f - Maggie
Aim: Maggie, wielding a +0 morningstar of draining and wearing +2 swamp dragon scales (severely wounded, 77% to hit)
The stone arrow hits Maggie!
Maggie is almost dead.
Maggie completely misses you.
Casting: Stone Arrow (safe; 1% risk of failure)
Confirm with . or Enter, or press ? or * to list all spells.
Aiming: Stone Arrow (safe; 1% risk of failure)
Press: ? - help, Shift-Dir - straight line, f/p - Maggie
Aim: Maggie, wielding a +0 morningstar of draining and wearing +2 swamp dragon scales (almost dead, 77% to hit)
The stone arrow hits Maggie.
Maggie is almost dead.
Maggie gestures at you while chanting. The bolt of fire hits you!
You die...

, , ..########## *,**
............ ########## ,
.......<#### .........# **
######### ## .........# , ..
.........# ###### ** * * * ###.
.........# #....# , , ,, ..#.
.........# #.#@@# #, * #.#.
.........# #.#.##.# #.#.
.........# #.[....# ,, #.#.
.........# ###.##############...
.........######.##...............
.........'...............>#####.#
.........######.##.######.# #.#
.........# #... .# #.# #.#
########## * ##### # #.# #.#


You could see Maggie.

Vanquished Creatures
  A two-headed ogre (D:8)
  A water moccasin (D:8)
  2 orc warriors
  4 ice beasts
  2 black bears
  An ogre (D:6)
  2 centaurs
  A phantom (D:6)
  A gnoll sergeant (D:7)
  A necrophage (D:8)
  2 scorpions
  3 wights (D:8)
  A howler monkey (D:7)
  A hound (D:4)
  A jelly (D:6)
  An iguana (D:7)
  3 orc wizards
  8 gnolls
  An adder (D:5)
  A shadow imp (D:6)
  2 white imps
  An ufetubus (D:6)
  A worm (D:3)
  2 dart slugs
  9 orcs
  A ball python (D:3)
  An endoplasm (D:3)
  A goblin (D:6)
  3 hobgoblins
  6 kobolds
  A quokka (D:3)
66 creatures vanquished.

Vanquished Creatures (others)
  3 fungi (D:9)
  2 plants (D:7)
5 creatures vanquished.

Grand Total: 71 creatures vanquished

Notes
Turn   | Place    | Note
-------+----------+-------------------------------------------
     0 | D:1      | FexLirch the Meteoran Earth Elementalist began the quest
                  | for the Orb.
     0 | D:1      | Reached XP level 1. HP: 14/14 MP: 5/5
    77 | D:3      | Reached skill level 3 in Spellcasting
    77 | D:3      | Reached XP level 2. HP: 20/20 MP: 5/7
    80 | D:3      | Learned a level 2 spell: Passwall
   103 | D:3      | Reached skill level 1 in Conjurations
   171 | D:3      | Reached XP level 3. HP: 18/26 MP: 4/8
   177 | D:2      | Learned a level 3 spell: Stone Arrow
   297 | D:3      | Reached XP level 4. HP: 7/33 MP: 3/10
   361 | D:2      | Found a faded altar of an unknown god.
   429 | D:4      | Reached XP level 5. HP: 35/38 MP: 0/11
   453 | D:4      | You fall into a shaft and drop 1 floor!
   453 | D:5      | Entered Level 5 of the Dungeon
   453 | D:5      | Found a white marble altar of Elyvilon.
   454 | D:5      | Found a hide-covered altar of Uskayaw.
   458 | D:5      | Reached skill level 4 in Spellcasting
   477 | D:5      | Noticed an ice beast
   482 | D:5      | HP: 1/38 [ice beast (9)]
   484 | D:5      | Killed an ice beast
   485 | D:5      | Reached skill level 5 in Earth Magic
   485 | D:5      | Reached XP level 6. HP: 2/45 MP: 0/13
   605 | D:6      | Reached skill level 5 in Spellcasting
   618 | D:7      | Noticed a centaur
   666 | D:6      | Found a shimmering altar of Xom.
   695 | D:6      | Reached XP level 7. HP: 50/50 MP: 13/15
   836 | D:6      | Reached skill level 6 in Spellcasting
   836 | D:6      | Reached skill level 5 in Conjurations
   860 | D:7      | Found a staircase to the Ecumenical Temple.
   886 | Temple   | Entered the Ecumenical Temple
   969 | D:7      | Reached XP level 8. HP: 57/57 MP: 14/18
   997 | D:7      | Reached skill level 7 in Spellcasting
  1090 | D:8      | Noticed a two-headed ogre
  1097 | D:8      | Reached skill level 8 in Spellcasting
  1097 | D:8      | Killed a two-headed ogre
  1098 | D:8      | Reached skill level 10 in Spellcasting
  1098 | D:8      | Gained mutation: You passively map the area around you.
                  | [Meteoran growth]
  1098 | D:8      | Reached XP level 9. HP: 45/62 MP: 6/24
  1104 | D:8      | Reached skill level 11 in Spellcasting
  1139 | D:9      | Noticed a komodo dragon
  1194 | D:8      | Reached skill level 12 in Spellcasting
  1295 | D:7      | Reached skill level 1 in Fighting
  1295 | D:7      | Reached skill level 1 in Ranged Weapons
  1310 | D:7      | Reached XP level 10. HP: 27/72 MP: 5/27
  1418 | D:6      | Noticed Maggie
  1424 | D:6      | Killed from afar by Maggie

Illustrated notes

Levels and vault maps discovered:
D:1:      dpeg_arrival_tiny_d, layout_rooms, minmay_crystal_water
D:2:      layout_basic, ebering_ecumenical_altar_abandoned,
          chequers_serial_rivers_small_b, wad_orctagon
D:3:      layout_rooms, serial_shops, nicolae_square_shop,
          kennysheep_generic_room_5
D:4:      layout_cave_pools, nzn_overflow_gifts_of_might_and_magic,
          dk_noncrumbling_4, chequers_serial_rivers_large_b,
          nicolae_elevator_lobby_plus, uniq_crazy_yiuf_cottage, uniq_grinder
D:5:      layout_cave_pods, gammafunk_temple_overflow_elements,
          grunt_temple_overflow_open, minmay_misc_feat_roman
D:6:      corexii_shack_village, layout_basic, lemuel_doored_altar,
          nicolae_concentric_dashed_squares_wild, st_stairs_8, uniq_maggie
D:7:      layout_cave_pools, minmay_temple_entry_gardened_gates
D:8:      layout_loops_ring, uniq_amaemon
D:9:      layout_irregular_city, due_lair_maze_entry_diamond
Temple:   nicolae_temple_bog_church

Skill      XL: |  1  2  3  4  5  6  7  8  9 |
---------------+----------------------------+-----
Spellcasting   | 3 4 5 6 10 12 | 12.6
Conjurations   | 1 2 3 4 5 |  5.0
Earth Magic    | 4 5 6 |  6.0
Fighting       | 1 |  1.8
Ranged Weapons | 1 |  1.9
Dodging        | 3 |  3.4
Stealth        | |  1.4
Transmutations | |  1.2

Action                   |  1- 3 |  4- 6 |  7- 9 | 10-12 || total
-------------------------+-------+-------+-------+-------++-------
Melee: Halberd           |       |     2 |       |       ||     2
       Rapier            |       |       |     6 |       ||     6
       Shortbow          |       |       |     1 |       ||     1
 Fire: Shortbow          |       |       |     4 |     2 ||     6
 Cast: Sandblast         |    21 |    18 |    44 |       ||    83
       Passwall          |     6 |     6 |       |       ||    12
       Stone Arrow       |       |     7 |    46 |     9 ||    62
  Use: Scroll            |       |     1 |     5 |     1 ||     7
Armor: Leather armour    |       |     4 |    12 |       ||    16
Dodge: Dodged            |     6 |     7 |    31 |     1 ||    45
